 Dungeon Crawl Stone Soup version 0.27.1 (webtiles) character file.

Game seed: 3338247117680631081

14 hawla the Sneak (level 2, 0/18 HPs)
             Began as a Deep Elf Delver on Aug 24, 2021.
             Slain by a phantom (7 damage)
             ... on level 5 of the Dungeon.
             The game lasted 00:01:57 (277 turns).

hawla the Sneak (Deep Elf Delver)                    Turns: 277, Time: 00:01:58

Health: 0/18       AC:  3    Str:  9    XL:     2   Next: 31%
Magic:  4/4        EV: 12    Int: 14    God:
Gold:   0          SH:  0    Dex: 16    Spells: 1/1 levels left

rFire    . . .     SeeInvis .   a - +0 short sword
rCold    . . .     Faith    .   (no shield)
rNeg     . . .     Spirit   .   b - +0 leather armour
rPois    .         Reflect  .   (no helmet)
rElec    .         Harm     .   (no cloak)
rCorr    .         Rampage  .   (no gloves)
Will     .....                  (no boots)
Stlth    +++.......             (no amulet)
HPRegen  0.06/turn              (no ring)
MPRegen  0.09/turn              (no ring)

@: no status effects
A: no striking features
a: no special abilities


You were on level 5 of the Dungeon.
You visited 1 branch of the dungeon, and saw 2 of its levels.

Inventory:

Hand Weapons
 a - a +0 short sword (weapon)
Armour
 b - a +0 leather armour (worn)
Wands
 g - a wand of digging (3)
Potions
 f - a potion of haste


   Skills:
 + Level 2.6 Fighting
 + Level 2.0 Short Blades
 + Level 2.4 Dodging
 + Level 6.5 Stealth


You had one spell level left.
You didn't know any spells.
Your spell library was empty.

Dungeon Overview and Level Annotations

Branches:
Dungeon (5/15)
 Temple: D:4-7

Altars:
Qazlal


Message History

You hear the hiss of a very distant avalanche of sand.
Found a twisted bronze wand.
A quokka comes into view.
No target in view!
You barely miss the quokka. The quokka bites you. x2
You barely miss the quokka. The quokka barely misses you.
You barely miss the quokka. The quokka barely misses you.
You hit the quokka.
The quokka is lightly wounded.
The quokka misses you.
You hit the quokka but do no damage.
The quokka is lightly wounded.
The quokka bites you.
You hit the quokka.
The quokka is almost dead.
The quokka bites you. x2
You closely miss the quokka.
The quokka is almost dead.
The quokka bites you but does no damage.
You closely miss the quokka.
The quokka is almost dead.
The quokka bites you.
* * * LOW HITPOINT WARNING * * *
The orc shouts!
You hit the quokka.
You kill the quokka!
You hear two shouts!
Okay, then.
You start resting.
An orc is nearby!
As you read the scroll of fear, it crumbles to dust.
You assume a fearsome visage.
The orc looks frightened!
A two-headed ogre comes into view.
It is wielding a +0 giant club and a +0 dire flail.
As you read the scroll of fog, it crumbles to dust.
The scroll dissolves into smoke.
You hear the hiss of an avalanche of sand nearby.
A two-headed ogre is nearby!
An ice beast and a phantom come into view.
The phantom hits you!
You die...

.....##.#..o...#***,***
*,,,,,,+ #.##.*#.#......#
*,* **,*,,,*
#.,..*#.#......###*,***
*,**,,*
#,...*#.#......#..,,,,*
*,***,*
*.#*,*#.#......#.#*,*,*
*,+,**,
*,,,,,,,######.#.#*,#,*
*,***,, ,,,,,****
#O#.#,.#,* *,**,,* ****,*
#.#.#.##.# *,*,,** *,*
#####.#@WY...# *,,,***
*,****#......##.####
*,,**** *,**.........#*,#
*,** *, *,**.##.##...#*,*
*** *, *,,,,..,#.....,,* *,
****.#*....#.##** *,
*,*#.##.#.#***************,
*,...,.....,,,,,,,,,,,,,,,,
**##*######****************


You could see a phantom and an ice beast (asleep).

Vanquished Creatures
  A hound skeleton (D:5)
  A quokka (D:5)
2 creatures vanquished.

Notes
Turn   | Place    | Note
-------+----------+-------------------------------------------
     0 | D:5      | hawla the Deep Elf Delver began the quest for the Orb.
     0 | D:5      | Reached XP level 1. HP: 13/13 MP: 3/3
    22 | D:5      | Reached XP level 2. HP: 9/18 MP: 4/4
   181 | D:5      | Noticed a centaur
   184 | D:4      | Noticed a water moccasin
   185 | D:4      | Found a stormy altar of Qazlal.
   251 | D:5      | Noticed a two-headed ogre
   276 | D:5      | Noticed an ice beast
   276 | D:5      | Noticed a phantom
   277 | D:5      | Slain by a phantom

Illustrated notes

Levels and vault maps discovered:
D:4:      layout_cave_pools, lemuel_doored_altar, elyvilon_altar_1,
          grunt_qazlal_sundering, hangedman_abyss_or_decor_passed,
          uniq_crazy_yiuf_cottage, uniq_eustachio
D:5:      layout_loops_cross, nicolae_ossuary_entry_giza,
          palyth_stone_intersect, corexii_hall_statues_l, uniq_ijyb

Action                   || total
-------------------------++-------
Melee: Short sword       ||    19
  Use: Scroll            ||     3
Armor: Leather armour    ||     5
Dodge: Dodged            ||     9
